 Dungeon Crawl Stone Soup version 0.21.1-1-g345015f (webtiles) character file.

443 vatarom the Conjurer (level 6, -2/52 HPs)
             Began as a Draconian Conjurer on Mar 14, 2018.
             Was an Initiate of Vehumet.
             Slain by a killer bee (8 damage)
             ... on level 5 of the Dungeon.
             The game lasted 00:08:47 (4582 turns).

vatarom the Conjurer (Draconian Conjurer)           Turns: 4582, Time: 00:08:48

Health: -2/52      AC:  6    Str: 11    XL:     6   Next: 71%
Magic:  12/12      EV: 12    Int: 17    God:    Vehumet [......]
Gold:   280        SH:  2    Dex: 11    Spells: 7/13 levels left

rFire    . . .     SeeInvis .   q - +4 Vampire's Tooth {vamp}
rCold    . . .     Gourm    .   (no shield)
rNeg     . . .     Faith    .   (armour unavailable)
rPois    .         Spirit   .   (helmet restricted)
rElec    .         Reflect  +   (no cloak)
rCorr    .         Harm     .   (no gloves)
MR       .....                  (no boots)
Stlth    ++........             o - +2 amulet of reflection
HPRegen  0.17/turn              (no ring)
MPRegen  0.13/turn              (no ring)

@: lethally poisoned (-2 -> -28)
A: unfitting armour, cold-blooded, AC +6
a: Renounce Religion


You were on level 5 of the Dungeon.
You worshipped Vehumet.
Vehumet was noncommittal.
You were not hungry.

You visited 2 branches of the dungeon, and saw 6 of its levels.

You collected 280 gold pieces.

Inventory:

Hand Weapons
 f - a +1 dagger
 g - a +0 falchion
 q - the +4 Vampire's Tooth (weapon) {vamp}
   (You found it on level 4 of the Dungeon)

   It inflicts no extra harm, but heals its wielder when it wounds a living foe.
Jewellery
 o - a +2 amulet of reflection (around neck)
 u - an uncursed amulet of rage
Wands
 s - a wand of iceblast (9)
Scrolls
 d - 3 scrolls of magic mapping
 i - 2 scrolls of amnesia
 j - a scroll of fog
 k - 2 scrolls of immolation
 m - a scroll of identify
 p - a scroll of remove curse
 r - a scroll of enchant armour {unknown}
Potions
 c - 5 potions of might
 h - a potion of lignification
 l - 2 potions of brilliance {unknown}
 n - a potion of flight {unknown}
Books
 a - a book of Conjurations

   Spells                             Type                      Level
   a - Magic Dart                     Conjuration                  1
   b - Searing Ray                    Conjuration                  2
   c - Dazzling Spray                 Conjuration/Hexes            3
   d - Fulminant Prism                Conjuration/Hexes            4
   e - Force Lance                    Conjuration/Translocation    4
   f - Iskenderun's Mystic Blast      Conjuration                  4
Comestibles
 b - 8 rations
 t - 3 chunks of flesh


   Skills:
 + Level 4.2 Fighting
 - Level 1.7 Dodging
 - Level 1.7 Stealth
 + Level 4.1 Spellcasting
 + Level 5.7 Conjurations


You had 7 spell levels left.
You knew the following spells:

 Your Spells              Type           Power        Failure   Level  Hunger
a - Magic Dart            Conj           ###.         1%          1    None
b - Searing Ray           Conj           ###...       2%          2    ##.....
c - Dazzling Spray        Conj/Hex       ##....       14%         3    ###....


Dungeon Overview and Level Annotations

Branches:
Dungeon (5/15)             Temple (1/1) D:4

Altars:
Cheibriados
Dithmenos
Elyvilon
Fedhas
Hepliaklqana
Kikubaaqudgha
Makhleb
Okawaru
Qazlal
Ru
Sif Muna
Trog
Uskayaw
Vehumet
Wu Jian
Xom
Yredelemnul
Zin
The Shining One

Annotations:
D:4 Anonimus's ghost, amateur DsFi


Innate Abilities, Weirdness & Mutations

Your plain brown scales are hard. (AC +6)
You cannot fit into any form of body armour.
You are cold-blooded and may be slowed by cold attacks.


Message History

The killer bee is severely wounded.
* * * LOW HITPOINT WARNING * * *
You feel sick. The killer bee misses you. x2
Unknown command.
You closely miss the killer bee.
The killer bee is severely wounded.
You feel less invigorated.
You feel less confused.
* * * LOW HITPOINT WARNING * * *
You feel sick. The killer bee stings you.
* * * LOW HITPOINT WARNING * * *
You are more poisoned.
The killer bee poisons you!
The killer bee stings you but does no damage.
You closely miss the killer bee.
Your tail-slap misses the killer bee.
The killer bee is severely wounded.
* * * LOW HITPOINT WARNING * * *
You feel very sick. The killer bee misses you. The killer bee stings you!
You die...

#.# #####...##
#†# #.....####
#<#
#...#.#....<
#.#
#.###.#####.
#.# #.. ....
##
#.####.......
###...........
#...###.......
#.#@# ###
#.#y# . #.# #.
#.# # #). #..
#... ...# ..##


You could see a killer bee.

Vanquished Creatures
  2 killer bees (D:5)
  2 vampire bats (D:4)
  An orc priest (D:3)
  4 worker ants
  A howler monkey zombie (D:5)
  A howler monkey skeleton (D:4)
  3 adders
  An ooze (D:1)
  An adder skeleton (D:4)
  3 worms
  2 dart slugs (D:1)
  2 leopard geckos
  11 orcs
  11 bats
  4 giant cockroaches (D:1)
  7 goblins
  9 hobgoblins
  2 jackals (D:1)
  7 kobolds
  6 frilled lizards
  3 rats
83 creatures vanquished.

Notes
Turn   | Place    | Note
-------+----------+-------------------------------------------
     0 | D:1      | vatarom the Draconian Conjurer began the quest for the Orb.
     0 | D:1      | Reached XP level 1. HP: 14/14 MP: 3/3
   206 | D:1      | Reached XP level 2. HP: 13/22 MP: 5/5
   213 | D:1      | Learned a level 2 spell: Searing Ray
   437 | D:1      | Reached skill level 1 in Fighting
  1084 | D:1      | Reached XP level 3. HP: 28/28 MP: 4/6
  1109 | D:1      | Learned a level 3 spell: Dazzling Spray
  2440 | D:3      | Reached XP level 4. HP: 32/36 MP: 2/8
  2532 | D:3      | Found a hide-covered altar of Uskayaw.
  3212 | D:3      | Reached XP level 5. HP: 27/44 MP: 0/9
  3488 | D:4      | Reached skill level 5 in Conjurations
  3707 | D:4      | Found a staircase to the Ecumenical Temple.
  3743 | Temple   | Entered the Ecumenical Temple
  3801 | Temple   | Became a worshipper of Vehumet
  3898 | D:4      | Noticed Anonimus's ghost (amateur DsFi)
  4056 | D:4      | Found the +4 Vampire's Tooth {vamp}
  4074 | D:4      | Reached XP level 6. HP: 40/52 MP: 1/11
  4312 | D:5      | Entered Level 5 of the Dungeon
  4582 | D:5      | Slain by a killer bee

Skill      XL: |  1  2  3  4  5  6 |
---------------+-------------------+-----
Fighting       | 1 2 3 4 |  4.2
Spellcasting   | 3 4 |  4.1
Conjurations   | 5 |  5.7
Dodging        | |  1.7
Stealth        | |  1.7

Action                   |  1- 3 |  4- 6 || total
-------------------------+-------+-------++-------
Melee: Unarmed           |    49 |       ||    49
       Tailslap          |     9 |    10 ||    19
       Dagger            |    68 |    31 ||    99
       Falchion          |       |    52 ||    52
 Cast: Magic Dart        |    39 |    13 ||    52
       Searing Ray       |     7 |    12 ||    19
       Dazzling Spray    |       |     8 ||     8
  Use: Scroll            |    11 |     4 ||    15
       Potion            |       |     1 ||     1
 Stab: Sleeping          |     4 |     3 ||     7
       Invisible         |       |     1 ||     1
  Eat: Chunk             |     5 |     1 ||     6
       Ration            |       |     4 ||     4
Armor: Skin              |    53 |    47 ||   100
Dodge: Dodged            |   100 |    96 ||   196
Block: Other             |       |     6 ||     6
       Rpst.: Falchion   |       |    24 ||    24
